 Dungeon Crawl Stone Soup version 0.19.0-19-g8c6edcc (webtiles) character file.

9854 Peloso the Carver (level 11, -7/94 HPs)
             Began as a Ghoul Fighter on Nov 15, 2016.
             Was a High Priest of Okawaru.
             Killed from afar by a rime drake (22 damage)
             ... with a flash freeze
             ... on level 1 of the Lair of Beasts.
             The game lasted 00:38:16 (11078 turns).

Peloso the Carver (Ghoul Fighter)                  Turns: 11078, Time: 00:38:17

Health: -7/94      AC: 18    Str: 26    XL:     11   Next: 53%
Magic:  11/11      EV:  7    Int:  3    God:    Okawaru [*****.]
Gold:   619        SH: 11    Dex: 11    Spells: 0 memorised, 10 levels left

rFire  . . .     SeeInvis .     d - +1 demon blade (vamp)
rCold  + . .     Gourm    .     x - +1 plate armour
rNeg   + + +     Faith    .     c - +0 shield
rPois  ∞         Spirit   .     C - +1 helmet
rElec  .         Reflect  .     (no cloak)
rCorr  .         Harm     .     e - +0 pair of gloves
MR     .....                    (no boots)
Stlth  ..........               (no amulet)
                                (no ring)
                                (no ring)

@: mighty, rotting
A: rotting body, claws 1, carnivore 3, cold resistance 1, negative energy
resistance 3, slow regeneration 1, torment resistance, unbreathing
a: Heroism, Finesse, Renounce Religion


You were on level 1 of the Lair of Beasts.
You worshipped Okawaru.
Okawaru was extremely pleased with you.
You were not hungry.

You visited 3 branches of the dungeon, and saw 12 of its levels.

You collected 619 gold pieces.

Inventory:

Hand Weapons
 a - a +1 long sword
 b - a +3 falchion
 d - a +1 vampiric demon blade (weapon)
Armour
 c - a +0 shield (worn)
 e - a +0 pair of gloves (worn)
 x - a +1 plate armour (worn)
 C - a +1 helmet (worn)
Wands
 i - a wand of flame (19/48)
 u - a wand of teleportation (4/9)
 E - a wand of disintegration (24/24)
 J - a wand of slowing (10/48)
Scrolls
 q - 2 scrolls of identify
 r - a scroll of recharging
 t - a scroll of amnesia
 y - 3 scrolls of remove curse
 F - a scroll of teleportation
 G - a scroll of vulnerability {unknown}
Potions
 h - 2 potions of ambrosia
 j - 2 potions of haste
 m - 4 potions of heal wounds
 n - a potion of mutation
 s - a potion of cancellation
 v - a potion of invisibility
 w - a potion of beneficial mutation
 z - 4 potions of curing
 A - a potion of magic
 B - a potion of brilliance
 D - 2 potions of agility
 I - 2 potions of berserk rage
 L - 2 potions of flight {unknown}
Books
 o - a book of Callings

   Spells                             Type                      Level
   a - Summon Small Mammal            Summoning                    1
   b - Call Imp                       Summoning                    2
   c - Call Canine Familiar           Summoning                    3
   d - Summon Guardian Golem          Hexes/Summoning              3
   e - Summon Lightning Spire         Summoning/Air                4
   f - Summon Ice Beast               Ice/Summoning                4
 p - a book of Maledictions

   Spells                             Type                      Level
   a - Corona                         Hexes                        1
   b - Ensorcelled Hibernation        Hexes/Ice                    2
   c - Confuse                        Hexes                        3
   d - Tukima's Dance                 Hexes                        3
   e - Dazzling Spray                 Conjuration/Hexes            3
 H - a book of Flames

   Spells                             Type                      Level
   a - Flame Tongue                   Conjuration/Fire             1
   b - Throw Flame                    Conjuration/Fire             2
   c - Conjure Flame                  Conjuration/Fire             3
   d - Inner Flame                    Hexes/Fire                   3
   e - Sticky Flame                   Conjuration/Fire             4
   f - Fireball                       Conjuration/Fire             5
 K - a book of Debilitation

   Spells                             Type                      Level
   a - Corona                         Hexes                        1
   b - Slow                           Hexes                        2
   c - Gell's Gravitas                Hexes/Translocation          3
   d - Inner Flame                    Hexes/Fire                   3
   e - Cause Fear                     Hexes                        4
   f - Leda's Liquefaction            Hexes/Earth                  4
Comestibles
 f - 8 meat rations
 g - 8 slices of pizza
 k - a royal jelly
 l - 4 beef jerkies


   Skills:
 + Level 7.9 Fighting
 + Level 10.6 Long Blades
 + Level 7.3 Armour
 + Level 2.5 Dodging
 + Level 0.8 Stealth
 + Level 8.3 Shields
 + Level 2.1 Invocations


You had 10 spell levels left.
You didn't know any spells.

Dungeon Overview and Level Annotations

Branches:
Dungeon (10/15)            Temple (1/1) D:5            Lair (1/6) D:8
    Orc: D:9-12

Altars:
Elyvilon
Okawaru
Ru
Uskayaw
Vehumet
Beogh

Shops:
D:7 :   D:10 :

Portals:
Labyrinth: Lair:1
Ice
Cave: Lair:1


Innate Abilities, Weirdness & Mutations

Your body is rotting away.
You thrive on raw meat.
You are immune to poison.
You have sharp fingernails.
You are carnivorous and can eat meat at any time.
Your flesh is cold resistant. (rC+)
You are immune to negative energy. (rN+++)
You regenerate slowly when monsters are visible.
You are immune to unholy pain and torment.
You can survive without breathing.


Message History

Vogonpoet's ghost is almost destroyed.
You feel like a meek peon again.
You slice vogonpoet's ghost!!
You destroy vogonpoet's ghost!
Okawaru is honoured by your kill.
Okay, then.
Found a labyrinth entrance.
Found a scroll labeled HUTAYT MEOWO.
There is a labyrinth entrance here.
Beware, the minotaur awaits!
A rime drake comes into view.
The rime drake hisses angrily.
A rime drake comes into view.
The rime drake hisses angrily.
Found a frozen archway.
Things that are here:
a scroll labeled HUTAYT MEOWO; a scythe
G - a scroll labeled HUTAYT MEOWO The rime drake breathes ice at you.
The flash freeze hits you! You partially resist.
You die...

.................P#
.................P#
............# ....##
............# .....#
#######.#...###...##
#
#.............##.#.
#....∩.............
#...............≈≈≈
#..........@..k###
#.................∩
#............≈.k...
#.............#≈...
#.............≈#≈..
#..............≈ ..
...........##. .
..........# ##


You could see 2 rime drakes.

Vanquished Creatures
  The ghost of vogonpoet the Severer, a journeyman HOTm of Makhleb (Lair:1)
  Sonja (D:10)
  A hill giant (D:10)
  The ghost of Torgrim the Slicer, a novice KoBe of Trog (D:7)
  A centaur skeleton (D:10)
  A troll (D:8)
  Grinder (D:5)
  6 slime creatures
  A hippogriff (D:10)
  A human (D:7)
  4 hogs (D:7)
  A hungry ghost (D:9)
  A mottled dragon (D:9)
  2 water moccasins
  A porcupine (Lair:1)
  3 orc warriors
  4 phantoms
  A necrophage (D:10)
  3 ogres
  6 centaurs
  4 wolves (D:7)
  2 crocodiles
  4 big kobolds
  2 bullfrogs (D:10)
  2 scorpions
  A water moccasin skeleton (D:9)
  3 killer bees (D:7)
  2 howler monkeys
  3 wights (D:9)
  An electric eel (D:8)
  4 crimson imps
  5 hounds
  A bullfrog zombie (D:4)
  11 orc priests
  4 jellies
  11 orc wizards
  2 bullfrog skeletons (D:7)
  A gnoll shaman (D:6)
  2 iguanas
  4 worker ants
  2 killer bee zombies
  A worker ant zombie (D:9)
  7 gnolls
  A howler monkey skeleton (D:4)
  10 adders
  A worm (D:6)
  4 dart slugs
  7 leopard geckos
  33 orcs
  8 giant cockroaches
  21 goblins
  10 hobgoblins
  5 jackals
  24 kobolds
  4 quokkas
  A ball python skeleton (D:6)
  10 bats
  7 frilled lizards
  A giant cockroach zombie (D:6)
  A leopard gecko zombie (D:8)
  7 rats
275 creatures vanquished.

Notes
Turn   | Place    | Note
-------+----------+-------------------------------------------
     0 | D:1      | Peloso the Ghoul Fighter began the quest for the Orb.
     0 | D:1      | Reached XP level 1. HP: 19/19 MP: 0/0
   152 | D:1      | Reached skill level 2 in Long Blades
   152 | D:1      | Reached XP level 2. HP: 1/26 MP: 1/1
   623 | D:1      | Reached XP level 3. HP: 16/31 MP: 2/2
  1244 | D:3      | Reached XP level 4. HP: 24/38 MP: 3/3
  2090 | D:4      | Reached skill level 3 in Long Blades
  2090 | D:4      | Reached XP level 5. HP: 41/46 MP: 4/4
  2315 | D:3      | Reached XP level 6. HP: 52/52 MP: 5/5
  2345 | D:4      | Reached skill level 1 in Dodging
  2386 | D:4      | Noticed a phantom
  2493 | D:3      | Reached skill level 4 in Long Blades
  2611 | D:4      | Killed a phantom
  2611 | D:4      | Reached XP level 7. HP: 19/59 MP: 6/6
  2805 | D:5      | Entered Level 5 of the Dungeon
  3031 | D:5      | Found a staircase to the Ecumenical Temple.
  3065 | Temple   | Entered the Ecumenical Temple
  3085 | Temple   | Became a worshipper of Warmaster Okawaru
  3155 | D:5      | Found a hide-covered altar of Uskayaw.
  3199 | D:5      | Noticed Grinder
  3203 | D:5      | Paralysed by Grinder for 7 turns
  3212 | D:5      | Paralysed by Grinder for 6 turns
  3225 | D:5      | Paralysed by Grinder for 3 turns
  3232 | D:5      | Killed Grinder
  3258 | D:5      | Reached skill level 5 in Long Blades
  3258 | D:5      | Reached XP level 8. HP: 21/67 MP: 7/7
  3631 | D:5      | Reached * piety under Okawaru
  3671 | D:5      | Reached skill level 5 in Fighting
  3968 | D:5      | Reached skill level 5 in Shields
  4600 | D:5      | Reached skill level 6 in Long Blades
  5293 | D:6      | Reached skill level 5 in Armour
  5293 | D:6      | Reached XP level 9. HP: 75/75 MP: 8/8
  5630 | D:7      | Reached ** piety under Okawaru
  5714 | D:7      | Reached skill level 7 in Long Blades
  6266 | D:7      | Reached *** piety under Okawaru
  6449 | D:7      | Noticed Torgrim's ghost (novice KoBe)
  6511 | D:7      | Killed Torgrim's ghost
  6511 | D:7      | Reached skill level 8 in Long Blades
  6511 | D:7      | Reached skill level 1 in Invocations
  6511 | D:7      | Reached XP level 10. HP: 40/84 MP: 7/9
  6787 | D:7      | Found Salaoxtyrch's Book Shoppe.
  6972 | D:7      | Reached **** piety under Okawaru
  7812 | D:8      | Found a staircase to the Lair.
  8487 | D:9      | Reached skill level 9 in Long Blades
  8991 | D:9      | Found a radiant altar of Vehumet.
  9309 | D:10     | Entered Level 10 of the Dungeon
  9311 | D:10     | Found Peudafas's Book Shop.
  9408 | D:10     | Noticed Sonja
  9444 | D:10     | Killed Sonja
  9444 | D:10     | Reached XP level 11. HP: 87/92 MP: 11/11
  9618 | D:10     | Noticed a hill giant
  9633 | D:10     | Killed a hill giant
  9633 | D:10     | Reached skill level 10 in Long Blades
  9674 | D:10     | Reached ***** piety under Okawaru
  9748 | D:10     | Found a roughly hewn altar of Beogh.
 10616 | D:10     | Received a gift from Okawaru
 10974 | Lair:1   | Entered Level 1 of the Lair of Beasts
 11036 | Lair:1   | Noticed vogonpoet's ghost (journeyman HOTm)
 11062 | Lair:1   | Killed vogonpoet's ghost
 11065 | Lair:1   | Found a labyrinth entrance.
 11077 | Lair:1   | Found a frozen archway.
 11078 | Lair:1   | Killed from afar by a rime drake

Skill      XL: |  1  2  3  4  5  6  7  8  9 10 11 |
---------------+----------------------------------+-----
Long Blades    | 2 3 4 5 6 8 9 10 | 10.6
Shields        | 3 4 5 6 7 8 |  8.3
Armour         | 3 4 5 6 7 |  7.3
Fighting       | 4 5 6 7 |  7.9
Dodging        | 1 2 |  2.5
Invocations    | 1 2 |  2.1
Stealth        | |  0.8

Action                   |  1- 3 |  4- 6 |  7- 9 | 10-12 || total
-------------------------+-------+-------+-------+-------++-------
Melee: Long sword        |   209 |   253 |   623 |   421 ||  1506
       Falchion          |       |       |       |   230 ||   230
       Demon blade       |       |       |       |    41 ||    41
Invok: Heroism           |       |       |     9 |    14 ||    23
Evoke: Wand              |       |       |       |     1 ||     1
  Use: Scroll            |     4 |       |     3 |    19 ||    26
       Potion            |       |       |     2 |     1 ||     3
  Eat: Chunk             |     7 |    10 |    50 |    44 ||   111
Armor: Scale mail        |   132 |       |       |       ||   132
       Chain mail        |       |   161 |   172 |       ||   333
       Plate armour      |       |       |   131 |   272 ||   403
Dodge: Dodged            |    71 |    70 |   152 |   121 ||   414
Block: Shield            |   132 |   158 |   310 |   317 ||   917
       Rpst.: Long sword |    19 |    22 |    38 |    22 ||   101
       Falchion          |       |       |       |     8 ||     8
       Demon blade       |       |       |       |     2 ||     2
